 Dungeon Crawl Stone Soup version 0.31.0-32-g396128a36d (webtiles) character file.

Game seed: 3791475180058269199

158883 Alphaeus the Metamorph (level 17, -1/206 HPs)
             Began as a Troll Shapeshifter on Mar 19, 2024.
             Was the Champion of Qazlal.
             Slain by a +2 scimitar of holy wrath (2 damage)
             ... on level 2 of the Elven Halls.
             The game lasted 00:55:55 (24829 turns).

Alphaeus the Metamorph (Troll Shapeshifter)        Turns: 24829, Time: 00:55:56

Health: -1/206     AC: 17    Str: 37    XL:     17   Next: 15%
Magic:  24/24      EV: 14    Int:  6    God:    Qazlal [******]
Gold:   1122       SH:  8    Dex:  9    Spells: 16/16 levels left

rFire   . .          .
                       - Unarmed
rCold   . . .        (shield currently unavailable)
rNeg    + . .        H - melded quicksilver dragon scales
rPois   +            (helmet currently unavailable)
rElec   .            (cloak currently unavailable)
rCorr   .            (gloves unavailable)
SInv    .            (boots unavailable)
Will    ++++.        t - amulet of the Four Winds {rN+ Will+++ Clar}
Stlth   +            m - +5 ring of evasion
HPRegen 1.34/turn    B - +4 ring of slaying
MPRegen 0.19/turn

%: repel missiles, clarity
@: snake-form, protected from physical damage
A: constrict, boosted hp, large, unfitting armour, (claws 3), regeneration 1,
(shaggy fur 1), (tough skin 1)
a: Begin Untransformation, Renounce Religion, Upheaval, Elemental Force,
Disaster Area


You were on level 2 of the Elven Halls.
You worshipped Qazlal.
Qazlal was exalted by your worship.
You were an enormous serpent.
You visited 5 branches of the dungeon, and saw 25 of its levels.
You also visited: Sewer, Ossuary and Bailey.

You collected 2233 gold pieces.
You spent 1111 gold pieces at shops.

Inventory:

Hand Weapons
 a - the +8 sling "Qynaibb" {flame, +Blink Str+4 SInv Stlth-}
   (You found it on level 4 of the Dungeon)

   Str+4:     It affects your strength (+4).
   SInv:      It lets you see invisible.
   +Blink:    It lets you blink.
   Stlth-:    It makes you less stealthy.
Armour
 c - +0 fire dragon scales
 f - +0 acid dragon scales
 H - quicksilver dragon scales (melded)
 N - +0 steam dragon scales
 X - a +0 tower shield
Jewellery
 m - a +5 ring of evasion (left hand)
 t - the amulet of the Four Winds (around neck) {rN+ Will+++ Clar}
   (You found it on level 12 of the Dungeon)

   [amulet of nothing]

   rN+:       It protects you from negative energy.
   Will+++:   It greatly increases your willpower.
   Clar:      It protects you from confusion, rage, mesmerisation and fear.
 x - a ring of magical power
 B - a +4 ring of slaying (right hand)
 T - a ring of positive energy
 V - a ring of ice
Talismans
 R - a blade talisman
 Y - a serpent talisman (active)
Wands
 o - a wand of charming (62)
 s - a wand of digging (5)
 w - a wand of flame (61)
 E - a wand of iceblast (6)
 K - a wand of quicksilver (15)
 W - a wand of polymorph (4)
Scrolls
 i - a scroll of summoning
 j - 3 scrolls of fear
 l - 2 scrolls of revelation
 n - 2 scrolls of enchant armour
 u - 3 scrolls of torment
 v - 2 scrolls of brand weapon
 y - 8 scrolls of teleportation
 A - 2 scrolls of poison
 C - 2 scrolls of silence
 F - 2 scrolls of vulnerability
 G - 4 scrolls of fog
 M - 2 scrolls of immolation
 P - 3 scrolls of identify
 Z - 2 scrolls of blinking
Potions
 b - a potion of lignification
 e - 2 potions of attraction
 g - 3 potions of might
 h - 3 potions of magic
 p - 2 potions of invisibility
 q - 5 potions of curing
 r - 5 potions of cancellation
 z - 2 potions of haste
 D - 2 potions of resistance
 J - a potion of enlightenment
 L - 5 potions of mutation
 Q - 3 potions of ambrosia


   Skills:
 + Level 12.2 Fighting
 - Level 9.7 Armour
 - Level 1.5 Dodging
 + Level 11.8 Unarmed Combat
 - Level 10.7 Invocations
 + Level 3.6 Evocations
 * Level 18.6 Shapeshifting


You had 16 spell levels left.
You didn't know any spells.
Your spell library contained the following spells:

 Spells                   Type           Power      Damage    Failure   Level
 Kiss of Death            Conj/Necr      0%         2d5       45%         1
 Necrotise                Necr           0%         1d4       45%         1
 Slow                     Hex            0%         N/A       45%         1
 Lesser Beckoning         Tloc           0%         N/A       58%         2
 Confusing Touch          Hex            0%         N/A       83%         3
 Gell's Gravitas          Tloc           0%         N/A       83%         3
 Hailstorm                Conj/Ice       0%         3d5       83%         3
 Sigil of Binding         Hex            0%         N/A       83%         3
 Stone Arrow              Conj/Erth      0%         3d7       83%         3
 Summon Ice Beast         Ice/Summ       0%         N/A       83%         3
 Teleport Other           Tloc           0%         N/A       83%         3
 Tukima's Dance           Hex            0%         N/A       83%         3
 Vampiric Draining        Necr           0%         2d6       83%         3
 Animate Armour           Summ/Erth      0%         N/A       99%         4
 Martyr's Knell           Necr/Summ      0%         N/A       99%         4
 Passage of Golubria      Tloc           0%         N/A       99%         4
 Alistair's Intoxication  Alch           0%         N/A       100%        5
 Borgnjor's Vile Clutch   Necr/Erth      0%         N/A       100%        5
 Curse of Agony           Necr           0%         N/A       100%        5
 Yara's Violent Unravell  Hex/Alch       0%         3d3       100%        5
 Dispersal                Tloc           0%         N/A       100%        6
 Eringya's Noxious Bog    Alch           0%         4d6       100%        6
 Sculpt Simulacrum        Ice/Alch       0%         N/A       100%        6
 Lehudib's Crystal Spear  Conj/Erth      0%         10d2      100%        8
 Death's Door             Necr           0%         N/A       100%        9


Dungeon Overview and Level Annotations

Branches:
Dungeon (15/15)            Temple (0/1) D:4            Lair (5/5) D:10
 Shoals (0/4) Lair:2        Snake (1/4) Lair:3        Slime (0/5) Lair:4
    Orc (2/2) D:11            Elf (2/3) Orc:2        Vaults (0/5) D:13
 Depths (0/4) D:15          Sewer (visited)         Ossuary (visited)
 Bailey (visited)

Altars:
Ashenzari
Cheibriados
Hepliaklqana
Nemelex Xobeh
Qazlal
Ru
Trog
Uskayaw
Jiyva

Shops:
D:3 ?   D:7 [   D:8 [   D:9 ?=[   D:11 [   Orc:2 *[(=   Elf:1 [[[:   Snake:1 *

Annotations:
D:6 3 runed translucent doors, middlethird's ghost, novice VSCj
D:12 2 runed translucent doors


Innate Abilities, Weirdness & Mutations

You are an enormous serpent.
You have a powerful constriction melee attack.
Your maximum health is increased.
Your armour is entirely melded.
You are incapable of wielding weapons or throwing items.
You are too large for most types of armour.
((You have claws for hands.))
Your natural rate of healing is unusually fast.
((You are covered in fur. (AC +1)))
((You have tough skin. (AC +1)))


Message History

The +3 hand axe of flaming hits you but does no damage.
The +3 hand axe of flaming barely misses you.
You crush the +3 hand axe of flaming!!!
The +3 hand axe of flaming falls from the air.
Qazlal accepts your kill.
You see here a +0 scimitar.
The +2 scimitar of holy wrath attacks as it pursues you!
The +2 scimitar of holy wrath hits you! The +2 scimitar of holy wrath hits you!
You feel more protected from physical attacks.
The +2 scimitar of holy wrath attacks as it pursues you!
You block the +2 scimitar of holy wrath's attack.
You block the +2 scimitar of holy wrath's attack.
The +2 scimitar of holy wrath attacks as it pursues you!
You block the +2 scimitar of holy wrath's attack.
The +2 scimitar of holy wrath hits you!!
* * * LOW HITPOINT WARNING * * *
You feel more protected from physical attacks.
The deep elf pyromancer gestures at you while chanting.
The pyre arrow misses you. The +2 scimitar of holy wrath hits you.
* * * LOW HITPOINT WARNING * * *
You feel more protected from physical attacks.
You lash the +2 scimitar of holy wrath!
Your grab misses the +2 scimitar of holy wrath.
The +2 scimitar of holy wrath is moderately damaged.
The +2 scimitar of holy wrath hits you!!
* * * LOW HITPOINT WARNING * * *
You feel more protected from physical attacks.
You lash the +2 scimitar of holy wrath!
Your grab misses the +2 scimitar of holy wrath.
The +2 scimitar of holy wrath is severely damaged.
You block the +2 scimitar of holy wrath's attack.
You miss the +2 scimitar of holy wrath.
Your grab misses the +2 scimitar of holy wrath.
The +2 scimitar of holy wrath is severely damaged.
The +2 scimitar of holy wrath hits you!!
* * * LOW HITPOINT WARNING * * *
The +2 scimitar of holy wrath hits you.
You die...

.....)')......##
#.#
.....##)....⌠..##
#.# .....
#.........## #.#
....#
#..........## #.#
...#
#....e......##
#.# ...
#.⌠..°.......#
###'##
#......○°°.○.#
#.....
##...°...°°.⌠#
##.....
##....°(S§..#
#......
##....§.○..#
#...⌠..
##.....☼))####
#......
##..⌠..).)..#
##.....
#######....#
##).....
#....###)####'#
#......)## #.#
#....#'## #.#
###...## #.#


You could see a deep elf pyromancer and a +2 scimitar of holy wrath.

Vanquished Creatures
  A deep elf sorcerer (Elf:1)
  A deep elf elementalist (Elf:1)
  An orc warlord (Orc:1)
  2 deep elf death magi (Elf:1)
  A deep elf annihilator (Elf:1)
  5 dire elephants (Lair:5)
  Josephine (D:12)
  2 fire dragons (D:12)
  The ghost of NotreDorf the Grappler, a journeyman TrFi of Wu Jian (D:12)
  2 rakshasas (D:15)
  A great orb of eyes (D:12)
  5 hydras
  3 ogre magi
  A catoblepas (D:13)
  Erica (D:10)
  6 centaur warriors
  3 boulder beetles
  22 dancing weapons
  A death knight (D:12)
  11 two-headed ogres
  11 death yaks
  A spectral dire elephant (Lair:5)
  Urug (Lair:1)
  13 deep elf knights
  2 occultists
  4 orc high priests
  A salamander mystic (Snake:1)
  4 skeletal warriors
  A mana viper (Snake:1)
  A spectral anaconda (Lair:5)
  An obsidian statue (Lair:5)
  A naga ritualist (Snake:1)
  Pikel (D:5)
  5 orc knights
  5 necromancers
  5 deep elf archers
  A wolf spider (Lair:1)
  21 deep elf pyromancers
  16 deep elf zephyrmancers
  3 orc sorcerers
  3 manticores
  15 ugly things
  3 cyclopes
  A moth of wrath (shapeshifter) (Elf:2)
  A salamander (Snake:1)
  Maurice (D:10)
  A kobold blastminer (Orc:2)
  11 black mambas
  3 torpor snails (Lair:1)
  A centaur zombie (D:15)
  Joseph (D:10)
  15 elephants
  A naga mage (Snake:1)
  A large abomination (Elf:1)
  Maggie (D:10)
  12 cane toads
  A dire elephant skeleton (Lair:5)
  2 gargoyles (D:12)
  A centaur skeleton (D:15)
  3 rime drakes
  5 unseen horrors
  4 kobold demonologists
  10 komodo dragons
  2 yaktaurs
  A queen bee (D:12)
  3 red devils (Orc:2)
  5 trolls
  A wind drake (shapeshifter) (Elf:1)
  4 polar bears
  4 hornets
  Grinder (D:3)
  21 blink frogs
  2 slime creatures (D:12)
  A meliai zombie (D:15)
  5 spriggans (Bailey)
  2 air elementals (Elf:1)
  5 shadows
  A vampire (D:12)
  10 wraiths
  A water elemental (Elf:2)
  42 yaks
  2 wargs
  6 wyverns
  4 basilisks
  A death yak simulacrum (Lair:5)
  8 vampire mosquitoes
  3 fire elementals
  A steam dragon (D:7)
  7 nagas
  5 acid dragons
  2 hell hounds (Lair:5)
  15 water moccasins
  A swamp drake (D:11)
  A sky beast (D:6)
  27 orc warriors
  2 ice beasts
  A black bear (shapeshifter) (D:14)
  An elephant zombie (Lair:5)
  5 black bears
  15 ogres
  A crocodile (shapeshifter) (D:12)
  3 elephant skeletons (Lair:5)
  20 wolves
  15 centaurs
  A lemure (D:5)
  7 kobold brigands
  3 elf zombies (Elf:1)
  16 bullfrogs
  A gnoll sergeant (D:7)
  4 scorpions
  4 earth elementals
  3 cane toad simulacra (Lair:5)
  16 wights
  A burial acolyte (Ossuary)
  9 killer bees
  An elephant simulacrum (Lair:5)
  An electric eel (D:8)
  11 howler monkeys
  3 bombardier beetles
  2 jellies
  2 hounds (D:5)
  11 orc priests
  3 gnoll boudas
  2 sleepcaps
  Ijyb (D:3)
  Jessica (D:2)
  4 iguanas
  Terence (D:2)
  19 orc wizards
  4 hell rats (Lair:5)
  A boggart simulacrum (D:15)
  A killer bee simulacrum (D:8)
  A mummy (Ossuary)
  12 gnolls
  19 adders
  5 river rats (Lair:5)
  3 white imps
  6 ufetubi
  7 ribbon worms
  A dart slug (D:4)
  86 orcs
  12 ball pythons
  7 endoplasms
  A giant cockroach (D:4)
  11 goblins
  7 hobgoblins
  26 kobolds
  5 quokkas
  A bat (D:2)
  A frilled lizard (D:1)
  7 gnoll skeletons (Ossuary)
  5 kobold skeletons (Ossuary)
  8 orc skeletons (Ossuary)
  12 rats
  A butterfly (Lair:4)
900 creatures vanquished.

Vanquished Creatures (others)
  A large abomination (Elf:1)
  A vampire mosquito (D:12)
  An orc (D:12)
3 creatures vanquished.

Grand Total: 903 creatures vanquished

Notes
Turn   | Place    | Note
-------+----------+-------------------------------------------
     0 | D:1      | Alphaeus the Troll Shapeshifter began the quest for the
                  | Orb.
     0 | D:1      | Reached XP level 1. HP: 18/18 MP: 0/0
   112 | D:1      | Reached skill level 1 in Fighting
   170 | D:1      | Reached XP level 2. HP: 27/27 MP: 1/1
   932 | D:2      | Noticed Jessica
   935 | D:2      | Reached XP level 3. HP: 33/33 MP: 2/2
   940 | D:2      | Killed Jessica
  1027 | D:2      | Reached XP level 4. HP: 41/41 MP: 3/3
  1068 | D:2      | Found a faded altar of an unknown god.
  1072 | D:2      | Prayed at the altar of an unknown god.
  1072 | D:2      | Became a worshipper of Qazlal Stormbringer
  1072 | D:2      | Reached * piety under Qazlal
  1101 | D:2      | Noticed Terence
  1108 | D:2      | HP: 2/41 [Terence/+0 morningstar (13)]
  1113 | D:2      | Killed Terence
  1574 | D:3      | Noticed Grinder
  1580 | D:3      | Reached skill level 4 in Shapeshifting
  1600 | D:3      | Killed Grinder
  1601 | D:3      | Reached XP level 5. HP: 16/49 MP: 4/4
  1601 | D:3      | Reached XP level 6. HP: 19/57 MP: 5/5
  1657 | D:3      | Noticed Ijyb
  1658 | D:3      | Reached skill level 5 in Unarmed Combat
  1677 | D:3      | Killed Ijyb
  1897 | D:3      | Found Wopeclip's Magic Scroll Shop.
  1907 | D:3      | Bought a scroll of identify for 20 gold pieces
  1907 | D:3      | Bought a scroll of blinking for 75 gold pieces
  2131 | D:3      | Reached ** piety under Qazlal
  2244 | D:4      | Reached skill level 5 in Shapeshifting
  2294 | D:4      | Found a staircase to the Ecumenical Temple.
  2449 | D:4      | Reached XP level 7. HP: 60/66 MP: 6/6
  2643 | D:4      | Identified the +8 sling "Qynaibb" {flame, +Blink Str+4 SInv
                  | Stlth-}
  2894 | D:5      | Entered Level 5 of the Dungeon
  2938 | D:5      | Noticed Pikel
  2948 | D:5      | Killed Pikel
  2949 | D:5      | Reached skill level 6 in Shapeshifting
  2949 | D:5      | Reached XP level 8. HP: 67/75 MP: 7/7
  3012 | D:5      | Found a hazy altar of Hepliaklqana.
  3168 | D:5      | Found a glowing drain.
  3177 | Sewer    | Entered a sewer
  3207 | Sewer    | Reached *** piety under Qazlal
  3313 | Sewer    | Reached skill level 7 in Shapeshifting
  3762 | D:5      | Reached XP level 9. HP: 73/85 MP: 8/8
  3842 | D:5      | Noticed a troll
  3874 | D:5      | Killed a troll
  3973 | D:5      | Found a snail-covered altar of Cheibriados.
  3977 | D:5      | Found a hide-covered altar of Uskayaw.
  3977 | D:5      | Found a broken altar of Ashenzari.
  4125 | D:5      | Reached **** piety under Qazlal
  4320 | D:6      | Found a runed translucent gate.
  4320 | D:6      | Found a runed translucent gate.
  4320 | D:6      | Found a runed translucent gate.
  4321 | D:6      | Noticed middlethird's ghost (novice VSCj)
  4352 | D:6      | Reached skill level 8 in Shapeshifting
  4366 | D:6      | Found a sand-covered staircase.
  4375 | Ossuary  | Entered an ossuary
  4572 | D:6      | Found a sparkling altar of Nemelex Xobeh.
  5236 | D:7      | Found a flagged portal.
  5275 | D:7      | Reached skill level 5 in Fighting
  5359 | D:7      | Reached ***** piety under Qazlal
  5375 | Bailey   | Entered a bailey
  5411 | Bailey   | Reached skill level 9 in Shapeshifting
  5413 | Bailey   | Reached XP level 10. HP: 96/96 MP: 9/9
  5471 | Bailey   | Reached skill level 10 in Unarmed Combat
  5472 | Bailey   | Noticed a two-headed ogre
  5479 | Bailey   | Killed a two-headed ogre
  5582 | Bailey   | Identified the +9 quarterstaff of the Vestibule of Hell
                  | {drain, rPois rC+ rCorr Str+2}
  5689 | D:7      | Found Luguocux's Antique Armour Boutique.
  5827 | D:7      | Found a bloodstained altar of Trog.
  5981 | D:7      | Reached skill level 10 in Shapeshifting
  6351 | D:8      | Found a sacrificial altar of Ru.
  6382 | D:8      | Reached skill level 1 in Invocations
  6393 | D:8      | Reached skill level 1 in Armour
  6623 | D:8      | Found Xekheki's Armour Shoppe.
  6903 | D:9      | Noticed a two-headed ogre
  6908 | D:9      | Reached XP level 11. HP: 106/106 MP: 11/11
  6915 | D:9      | Killed a two-headed ogre
  7077 | D:9      | Found Hyech's Armour Shoppe.
  7126 | D:9      | Found Xuuxt's Jewellery Shop.
  7139 | D:9      | Noticed a centaur warrior
  7143 | D:9      | Killed a centaur warrior
  7143 | D:9      | Reached ****** piety under Qazlal
  7165 | D:9      | Found Evish's Magic Scroll Shop.
  7173 | D:9      | Bought a scroll of identify for 26 gold pieces
  7173 | D:9      | Bought a scroll of identify for 26 gold pieces
  7173 | D:9      | Bought a scroll of identify for 26 gold pieces
  7383 | D:9      | Noticed a two-headed ogre
  7388 | D:9      | Killed a two-headed ogre
  7650 | D:9      | Bought a blade talisman for 330 gold pieces
  7678 | D:10     | Entered Level 10 of the Dungeon
  7690 | D:10     | Noticed Maggie
  7695 | D:10     | Killed Maggie
  7696 | D:10     | Reached skill level 11 in Shapeshifting
  7697 | D:10     | Noticed Joseph
  7706 | D:10     | Killed Joseph
  7707 | D:10     | Noticed Maurice
  7708 | D:10     | Noticed a two-headed ogre
  7715 | D:10     | Something stole a +1 demon trident of freezing
  7716 | D:10     | Killed Maurice
  7991 | D:10     | Noticed Erica
  7997 | D:10     | Killed Erica
  8131 | D:10     | Killed a two-headed ogre
  8333 | D:10     | Found a staircase to the Lair.
  9061 | D:11     | Found Ysuyga's Antique Armour Shop.
  9436 | D:11     | Noticed a two-headed ogre
  9441 | D:11     | Killed a two-headed ogre
  9442 | D:11     | Reached XP level 12. HP: 82/118 MP: 14/14
  9448 | D:11     | Reached skill level 12 in Shapeshifting
  9500 | D:11     | Found a staircase to the Orcish Mines.
  9812 | Lair:1   | Entered Level 1 of the Lair of Beasts
  9820 | Lair:1   | Noticed Urug
  9836 | Lair:1   | Killed Urug
  9879 | Lair:1   | Noticed a death yak
  9880 | Lair:1   | Noticed a death yak
  9881 | Lair:1   | Noticed a death yak
  9882 | Lair:1   | Noticed a death yak
  9882 | Lair:1   | Noticed a death yak
  9912 | Lair:1   | Killed a death yak
  9913 | Lair:1   | Reached skill level 5 in Invocations
  9913 | Lair:1   | Killed a death yak
 10027 | D:10     | Killed a death yak
 10097 | D:10     | Killed a death yak
 10102 | D:10     | Killed a death yak
 10103 | D:10     | Reached skill level 5 in Armour
 10357 | Lair:1   | Reached skill level 13 in Shapeshifting
 10776 | Lair:1   | Found a snail-covered altar of Cheibriados.
 10939 | Lair:2   | Reached XP level 13. HP: 128/128 MP: 16/16
 11134 | Lair:2   | Found a staircase to the Shoals.
 12049 | Lair:3   | Found a staircase to the Snake Pit.
 12147 | Lair:3   | Reached skill level 14 in Shapeshifting
 12866 | Orc:1    | Entered Level 1 of the Orcish Mines
 13047 | Orc:2    | Entered Level 2 of the Orcish Mines
 13057 | Orc:2    | Noticed an orc warlord
 13190 | Orc:1    | Killed an orc warlord
 13703 | Orc:2    | Found Qioxen's Jewellery Shop.
 13726 | Orc:2    | Bought a serpent talisman for 540 gold pieces
 13742 | Orc:2    | Found Qusotag's Antique Armour Boutique.
 14000 | Orc:2    | Found a staircase to the Elven Halls.
 14036 | Orc:2    | Found Gufeneid's Antique Weapon Shoppe.
 14085 | Orc:2    | Found Qiell's General Store.
 14392 | Lair:4   | Found a viscous altar of Jiyva.
 14392 | Lair:4   | Found a staircase to the Slime Pits.
 14407 | Lair:4   | Reached XP level 14. HP: 139/140 MP: 18/18
 14485 | Lair:3   | HP: 4/140 [death yak (17)]
 14936 | Lair:4   | Reached skill level 15 in Shapeshifting
 15646 | Lair:5   | Entered Level 5 of the Lair of Beasts
 16014 | Lair:5   | Reached skill level 10 in Fighting
 17267 | Lair:5   | Reached XP level 15. HP: 74/148 MP: 20/20
 17461 | Lair:5   | Reached skill level 16 in Shapeshifting
 17570 | Snake:1  | Entered Level 1 of the Snake Pit
 17849 | Snake:1  | Found Nuaptius's Assorted Antiques.
 17915 | Snake:1  | Bought a scroll of identify for 68 gold pieces
 18191 | Snake:1  | Identified the +0 rapier of Departure {freeze, rElec rC+
                  | Str+3}
 18969 | D:12     | Found a transporter.
 18969 | D:12     | Found a transporter.
 18971 | D:12     | Noticed NotreDorf's ghost (journeyman TrFi)
 19151 | D:12     | Noticed Josephine
 19156 | D:12     | Killed Josephine
 19193 | D:12     | Found a runed translucent door.
 19193 | D:12     | Found a runed translucent door.
 19205 | D:12     | Found a runed translucent door.
 19634 | D:12     | Found the amulet of the Four Winds {rN+ Will+++ Clar}
 20059 | D:12     | Killed NotreDorf's ghost
 20336 | D:13     | Reached skill level 10 in Invocations
 20685 | D:13     | Found a gate to the Vaults.
 20720 | D:13     | Reached skill level 17 in Shapeshifting
 21910 | D:14     | Found the +12 glaive of Prune {freeze, Prune}
 21966 | D:15     | Entered Level 15 of the Dungeon
 21982 | D:15     | Reached XP level 16. HP: 162/162 MP: 22/22
 22460 | D:15     | Found a staircase to the Depths.
 22843 | Elf:1    | Entered Level 1 of the Elven Halls
 22933 | Elf:1    | Reached skill level 1 in Evocations
 22985 | Elf:1    | Found Xekuzaock's Antique Armour Shoppe.
 22985 | Elf:1    | Paralysed by an air elemental for 1 turns
 22987 | Elf:1    | Paralysed by an air elemental for 1 turns
 23036 | Elf:1    | Found Idemp's Tiny Tomes.
 23060 | Elf:1    | Found Vigustus's Antique Armour Boutique.
 23192 | Elf:1    | Found Paahumoreo's Armour Boutique.
 23421 | Elf:1    | Got the Reference Book on Unhallowed Ceremonies
 23600 | Elf:1    | Reached skill level 18 in Shapeshifting
 24415 | Elf:2    | Found a runed translucent gate.
 24416 | Elf:2    | Found a runed translucent gate.
 24416 | Elf:2    | Found a runed translucent gate.
 24438 | Elf:2    | Reached XP level 17. HP: 172/172 MP: 24/24
 24448 | Elf:2    | HP: 6/194 [+1 heavy dire flail (18)]
 24829 | Elf:2    | HP: 1/206 [+2 scimitar of holy wrath (21)]
 24829 | Elf:2    | Slain by a +2 scimitar of holy wrath

Illustrated notes

Levels and vault maps discovered:
D:1:      minmay_arrival_four_loops, layout_basic
D:2:      layout_basic, shapermc_ecumenical_altar_mp_urbaneastern, uniq_jessica,
          uniq_terence
D:3:      layout_basic, serial_shops, nicolae_shop_tiny_statue_garden,
          uniq_ijyb, uniq_grinder
D:4:      layout_loops_ring, temple_doors_cd
D:5:      layout_basic, mainiacjoe_overflow_surrounded_room,
          amcnicky_altar_gilded, gammafunk_temple_overflow_elements,
          mainiacjoe_sewer_entry_somewhere_in_here_1, minivault_24, uniq_pikel
D:6:      layout_gridville, mainiacjoe_overflow_tiny_flanked,
          chequers_ossuary_entry_cave, gammafunk_ghost_necromancy,
          minmay_misc_feat_tower
D:7:      layout_gridville, trog_hazing_becter, enter_bailey_3, serial_shops,
          nicolae_shop_gibbet_a_chance
D:8:      layout_basic, mainiacjoe_overflow_six_doors_small, serial_ice,
          serial_ice_b, serial_ice_h, serial_ice_a, serial_ice_k, serial_shops,
          shop
D:9:      layout_loops_cross, serial_shops, shop, shop, shop,
          nicolae_zig_zag_zippers
D:10:     layout_layer_cave, due_lair_maze_entry_diamond, uniq_joseph,
          uniq_erica, uniq_maggie, uniq_maurice
D:11:     layout_loops_ring, erik_orc_1, serial_shops, shop
D:12:     minmay_the_grid_triangle_9x9_rhombus_full_mashed
          [minmay_the_grid_triangle_9x9_alien,
          minmay_the_grid_triangle_9x9_intruding_spiral,
          minmay_the_grid_triangle_9x9_dagger,
          minmay_the_grid_triangle_9x9_fully_insulated_deathbox,
          minmay_the_grid_triangle_9x9_empty,
          minmay_the_grid_triangle_9x9_cache,
          minmay_the_grid_triangle_9x9_swiss_cheese,
          minmay_the_grid_triangle_9x9_prize_top_heavy], layout_rooms,
          gammafunk_ghost_hive, uniq_josephine
D:13:     layout_rooms, hellmonk_vaults_attempted_burglary
D:14:     layout_cave_pods, chequers_serial_rivers_room_a,
          minmay_guarded_unrand_prune
D:15:     grunt_enter_depths_magical_seal, layout_rooms, eino_curves_03
Lair:1:   minmay_lair_venomous_thicket, layout_gridlike,
          kennysheep_snail_temple, uniq_urug
Lair:2:   layout_concentric_octagons, minmay_shoals_entry_centaurs,
          infiniplex_staircase_pool_2
Lair:3:   layout_chaotic_city, minmay_snake_entry_guardpost_small,
          minmay_hedge_maze, beast_lair_carwin_9, infiniplex_staircase_pool
Lair:4:   layout_cave_pods, slime_entry_1, chequers_serial_rivers_large_a,
          dreamdust_gnoll_shepherd, lemuel_fruit_fields
Lair:5:   due_jungle_book, layout_regular_city, enter_volcano_3,
          kennysheep_abandoned_house
Snake:1:  layout_chambers, serial_shops, shop_coins
Orc:1:    layout_caves, basic_altar, serial_shops
Orc:2:    grunt_orc_gardens, layout_caves, grunt_orc_garden, grunt_orc_garden,
          grunt_orc_garden, grunt_orc_garden,
          einodemon_armed_red_devil_minivault
Elf:1:    eino_elf_arrival_the_gate, layout_geoelf_grid, serial_shops, shop,
          shop, shop, minmay_elf_necromancy,
          nicolae_shop_i_like_small_books_too, dreamdust_princess_corridor
Elf:2:    nicolae_elf_blades_crystal_corner, layout_geoelf_diagonals

Skill      XL: |  1  2  3  4  5  6  7  8  9 10 11 12 13 14 15 16 |
---------------+-------------------------------------------------+-----
Fighting       | 1 2 3 4 5 6 7 8 9 10 11 12 | 12.2
Unarmed Combat | 4 5 6 8 9 10 11 | 11.8
Shapeshifting  | 4 5 6 7 9 10 11 13 14 15 17 18 | 18.6
Invocations    | 1 4 6 7 9 10 | 10.7
Armour         | 1 4 5 7 8 9 |  9.7
Evocations     | 3 |  3.6
Dodging        | |  1.5

Action                     |  1- 3 |  4- 6 |  7- 9 | 10-12 | 13-15 | 16-18 || total
---------------------------+-------+-------+-------+-------+-------+-------++-------
  Melee: Unarmed           |    51 |   114 |   249 |   436 |  1062 |   382 ||  2294
         Punch             |       |     3 |    10 |    29 |    33 |       ||    75
         Constrict         |       |       |       |       |    91 |    89 ||   180
 Invoke: Upheaval          |       |       |       |       |     1 |       ||     1
         Elemental Force   |       |       |       |       |     1 |       ||     1
  Evoke: Wand              |       |       |       |     2 |     1 |     1 ||     4
    Use: Potion            |       |     1 |     8 |     1 |     8 |     5 ||    23
         Scroll            |       |       |    15 |    12 |    12 |     3 ||    42
 Armour: Animal skin       |    20 |    57 |   114 |     8 |       |       ||   199
         Quicksilver drago |       |       |       |   192 |   259 |       ||   451
         Skin              |       |       |       |       |   500 |   272 ||   772
  Dodge: Dodged            |    35 |    38 |   128 |   217 |   694 |   133 ||  1245
         Repelled          |       |       |       |     5 |     8 |     8 ||    21
  Block: Other             |       |     4 |    40 |   127 |   374 |    83 ||   628
   Form: Blade             |       |       |       |     1 |     1 |       ||     2
         Serpent           |       |       |       |       |     2 |       ||     2
